 Dungeon Crawl Stone Soup version 0.28-a0-819-g6ef7baa362 (webtiles) character file.

Game seed: 17577211787340684109

143 Glokmah the Skirmisher (level 5, 0/33 HPs)
             Began as a Tengu Fighter on Nov 8, 2021.
             Frozen to death by an endoplasm (3 damage)
             ... on level 4 of the Dungeon.
             The game lasted 00:04:03 (3684 turns).

Glokmah the Skirmisher (Tengu Fighter)              Turns: 3684, Time: 00:04:04

Health: 0/33       AC:  8    Str: 17    XL:     5   Next: 25%
Magic:  6/6        EV: 11    Int:  8    God:
Gold:   206        SH:  5    Dex: 14    Spells: 4/4 levels left

rFire   . . .      SeeInvis .   a - +0 trident
rCold   . . .      Faith    .   c - +0 buckler
rNeg    . . .      Spirit   .   b - +0 scale mail
rPois   .          Reflect  .   g - +1 hat
rElec   .          Harm     .   (no cloak)
rCorr   .          Rampage  .   (no gloves)
Will    .....                   (boots unavailable)
Stlth   ..........              (no amulet)
HPRegen 0.11/turn               (no ring)
MPRegen 0.10/turn               (no ring)

@: flying quickly and evasively, quick
A: beak, talons 3, nimble flight
a: no special abilities


You were on level 4 of the Dungeon.
You visited 1 branch of the dungeon, and saw 4 of its levels.

You collected 206 gold pieces.

Inventory:

Hand Weapons
 a - a +0 trident (weapon)
Missiles
 f - 6 boomerangs (quivered)
Armour
 b - a +0 scale mail (worn)
 c - a +0 buckler (worn)
 g - a +1 hat (worn)
Scrolls
 d - 2 scrolls of teleportation {unknown}
 e - a scroll of noise {unknown}
 j - a scroll of torment {unknown}
 k - a scroll of fear {unknown}
 l - a scroll of identify {unknown}
 m - a scroll of silence {unknown}
Potions
 h - a potion of attraction {unknown}
 i - a potion of might
 n - a potion of flight


   Skills:
 * Level 4.1 Fighting
 * Level 3.8 Polearms
 + Level 3.9 Armour
 + Level 3.6 Shields


You had 4 spell levels left.
You didn't know any spells.
Your spell library was empty.

Dungeon Overview and Level Annotations

Branches:
Dungeon (4/15)
 Temple: D:4-7

Altars:
Nemelex Xobeh

Shops:
D:2 :


Innate Abilities, Weirdness & Mutations

You have a beak for a mouth.
You have claws for feet.
Your magical nature lets you fly swiftly and evasively.


Message History

You barely miss the orc wizard. You peck the orc wizard.
The orc wizard is moderately wounded.
The orc wizard mumbles some strange words.
The orc wizard flickers and vanishes!
Deactivating autopickup; reactivate with Ctrl-A.
You hit something but do no damage. You claw something. Something hits you.
You hit something but do no damage. Something hits you but does no damage.
The endoplasm barely misses you. Something hits you but does no damage.
You miss something. Your kick misses something. You peck something.
The endoplasm freezes you.
You are frozen.
Something hits you but does no damage. The endoplasm freezes you.
You are frozen.
You hit something. Your kick misses something. Your peck misses something.
You hear some strange, mumbled words.
A puff of flame appears from out of thin air!
The puff of flame misses you. The puff of flame hits you.
The endoplasm freezes you.
You are frozen.
* * * LOW HITPOINT WARNING * * *
You completely miss something. Your kick misses something.
Something hits you but does no damage.
The endoplasm hits you but does no damage.
You barely miss something. Your kick misses something. You peck something.
Something hits you.
* * * LOW HITPOINT WARNING * * *
The endoplasm freezes you.
You are frozen.
* * * LOW HITPOINT WARNING * * *
You hit something. Your kick misses something. Your peck misses something.
Something hits you but does no damage. The endoplasm freezes you.
You are frozen.
* * * LOW HITPOINT WARNING * * *
It was a potion of flight.
You feel more buoyant. Something hits you but does no damage.
The endoplasm freezes you.
You are frozen.
You die...

#.#####.#.#.###
# #.#
#.......#.# #<#
#######>#.#.#
###
....#...#...#
..........#
.##.o....##
#.....####
#....#'#{## ##.
#.?.###J@.#
#...#....#'#.##
....:.....####
.......<...#
#######.#...#
.... ....#
###... ....
##..# #.# ... .


You could see an orc priest (wandering) and an endoplasm.

Vanquished Creatures
  Jessica (D:2)
  An orc wizard (D:3)
  Robin (D:2)
  An adder (D:3)
  3 dart slugs
  5 orcs
  An endoplasm (D:1)
  3 giant cockroaches
  12 goblins
  8 hobgoblins
  4 jackals (D:2)
  A quokka (D:1)
  5 ball pythons
  A bat (D:1)
  A frilled lizard (D:1)
  4 kobolds
  7 rats
59 creatures vanquished.

Notes
Turn   | Place    | Note
-------+----------+-------------------------------------------
     0 | D:1      | Glokmah the Tengu Fighter began the quest for the Orb.
     0 | D:1      | Reached XP level 1. HP: 14/14 MP: 2/2
   131 | D:1      | Reached XP level 2. HP: 19/19 MP: 3/3
   929 | D:1      | Reached XP level 3. HP: 20/23 MP: 4/4
  1555 | D:2      | Noticed Robin
  1576 | D:2      | Killed Robin
  1760 | D:2      | Found Gonkerux's Book Boutique.
  1786 | D:2      | Noticed Jessica
  1789 | D:2      | Reached XP level 4. HP: 28/28 MP: 5/5
  1819 | D:2      | Killed Jessica
  2453 | D:2      | Found a faded altar of an unknown god.
  2676 | D:3      | Reached skill level 4 in Fighting
  2676 | D:3      | Gained mutation: Your magical nature lets you fly swiftly
                  | and evasively. [Tengu growth]
  2676 | D:3      | Reached XP level 5. HP: 21/33 MP: 6/6
  3672 | D:4      | Found a sparkling altar of Nemelex Xobeh.
  3684 | D:4      | Frozen to death by an endoplasm

Illustrated notes

Levels and vault maps discovered:
D:1:      nicolae_arrival_somewhat_less_tricky_arrival, layout_basic,
          nrook_uturn, minmay_misc_feat_pillars, minmay_fountain_box
D:2:      layout_basic, hellmonk_ecumenical_altar_prayer_group, serial_shops,
          nicolae_shop_crystal, uniq_robin, uniq_jessica
D:3:      layout_basic, minmay_bisected
D:4:      layout_basic, slow_altar_2, mainiacjoe_overflow_alcove_2,
          nemelex_diamond_rough_becter, zin_scriptorium

Skill      XL: |  1  2  3  4 |
---------------+-------------+-----
Polearms       | 3 |  3.8
Fighting       | 4 |  4.1
Armour         | |  3.9
Shields        | |  3.6

Action                   |  1- 3 |  4- 6 || total
-------------------------+-------+-------++-------
Melee: Trident           |    68 |    46 ||   114
       Kick              |    12 |     8 ||    20
       Peck              |     5 |     8 ||    13
Throw: Boomerang         |       |     6 ||     6
  Use: Potion            |       |     3 ||     3
Armor: Scale mail        |    26 |    17 ||    43
Dodge: Dodged            |     9 |    20 ||    29
Block: Buckler           |    13 |     6 ||    19

Table legend: (Time is in decaauts)
 A = Elapsed time spent in this place.
 B = Non-inter-level travel time spent in this place.
 C = Inter-level travel time spent in this place.
 D = Time resting spent in this place.
 E = Time spent auto-exploring this place.
 F = Levels seen in this place.
 G = Mean time per level.
                   A        B        C        D        E       F      G
               +--------+--------+--------+--------+--------+-----+--------+
         Total |   3627 |   3401 |    226 |    199 |   2738 |   4 |  906.8 |
       Dungeon |   3627 |   3401 |    226 |    199 |   2738 |   4 |  906.8 |
               +--------+--------+--------+--------+--------+-----+--------+

Top non-repeatable levels by time:
     D:1: 1479 daAuts
     D:2: 1200 daAuts
     D:3: 915 daAuts
     D:4: 32 daAuts
